 Dungeon Crawl Stone Soup version bcrawl-1.37 (webtiles) character file.

Game seed: 15211166049822005767

358464 Cel the Severer (level 11, -5/148 HPs)
             Began as a Minotaur Berserker on Sept 25, 2022.
             Was a High Priest of Trog.
             Slain by an orc knight
             ... wielding a +0 glaive
              (16 damage)
             ... in a bailey.
             The game lasted 00:34:43 (9830 turns).

Cel the Severer (Minotaur Berserker)                Turns: 9830, Time: 00:34:44

Health: -5/148     AC: 13    Str: 31    XL:     11   Next: 22%
Magic:  13/13      EV: 11    Int:  4    God:    Trog [*****.]
Gold:   528        SH:  0    Dex:  9    Spells: 10/10 levels left

rFire    . . .     GDR:     23% R - +5 battleaxe (chop)
rCold    . . .     SeeInvis .   (shield currently unavailable)
rNeg     . . .     Gourm    .   x - +4 chain mail {rPois}
rPois    +         Faith    .   (helmet restricted)
rElec    .         Spirit   .   (no cloak)
rCorr    .         Reflect  .   (no gloves)
MR       ++++.                  k - +0 pair of boots
Stlth    ..........             (no amulet)
HPRegen  0.34/turn              I - ring of protection from magic
MPRegen  0.13/turn              F - ring of poison resistance

@: berserking (expiring), studying Fighting, very quick
A: retaliatory headbutt, horns 2
a: Berserk, Trog's Hand, Brothers in Arms, Renounce Religion


You were in a bailey.
You worshipped Trog.
Trog was extremely pleased with you.
You were hungry.

You visited 1 branch of the dungeon, and saw 9 of its levels.
You also visited: Bailey.

You collected 528 gold pieces.

Inventory:

Hand Weapons
 a - a +1 hand axe
 j - a -2 hand axe
 w - a +0 spear
 H - a +0 war axe
 R - a +5 battleaxe of chopping (weapon)
Missiles
 g - 1854 stones (quivered)
 M - 3 throwing nets {=f}
Armour
 b - a +0 animal skin
 k - a +0 pair of boots (worn)
 p - a +0 ring mail
 r - a +4 chain mail of cold resistance
 x - a +4 chain mail of poison resistance (worn)
 y - a +0 plate armour
Jewellery
 B - an uncursed ring of magical power
 E - an uncursed ring of magical power
 F - a ring of poison resistance (right hand)
 I - a ring of protection from magic (left hand)
 K - an uncursed amulet of rage
Wands
 q - a wand of polymorph (4)
 u - a wand of flame (48)
 C - a wand of digging (5)
 Q - a wand of iceblast (4)
 T - a wand of charming (8)
Scrolls
 i - 2 scrolls of identify
 m - 6 scrolls of teleportation
 n - 5 scrolls of fog
 s - 4 scrolls of amnesia
 G - a scroll of remove curse
 J - a scroll of enchant armour
 O - a scroll of enchant weapon
Potions
 c - 2 potions of degeneration
 d - 3 potions of agility
 f - a potion of lignification {unknown}
 h - 2 potions of heal wounds
 l - a potion of cancellation {unknown}
 o - 3 potions of ambrosia
 t - a potion of mutation {unknown}
 v - a potion of haste {unknown}
 z - a potion of flight {unknown}
 A - a potion of experience {unknown}
 D - 4 potions of invisibility
 L - a potion of brilliance {unknown}
 P - 2 potions of resistance
 U - 5 potions of curing
Comestibles
 e - 16 rations {!d}


   Skills:
 * Level 9.6 Fighting
 + Level 16.4 Axes
 - Level 2.4 Armour
 - Level 6.2 Dodging
 - Level 5.0 Evocations


You had 10 spell levels left.
You didn't know any spells.
Your spell library was empty.

Dungeon Overview and Level Annotations

Branches:
Dungeon (9/12)             Temple (0/1) D:4            Lair (0/6) D:7
    Orc (0/1) D:9

Altars:
Nemelex Xobeh
Sif Muna
The Shining One

Shops:
D:5 :


Innate Abilities, Weirdness & Mutations

You reflexively headbutt those who attack you in melee.
You have a pair of horns on your head.


Message History

You slash the orc!
You kill the orc!
Trog accepts your kill.
You closely miss the orc knight. Your headbutt misses the orc knight.
The orc knight is severely wounded.
The orc knight barely misses you. You furiously retaliate!
You headbutt the orc knight. You hit the orc knight.
Ssssck.
Your headbutt misses the orc knight.
The orc knight is almost dead.
You slash the orc knight!
You kill the orc knight!
Trog accepts your kill. The orc warrior barely misses you.
Things that are here:
a +0 halberd; a +0 scale mail You slice the orc warrior!!
You kill the orc warrior!
Trog accepts your kill.
The orc knight hits you from afar with a +0 glaive!
You die...

.......
#.....#
#'''''#
##.....##
#.......#
#...o)..#
#..)))..#
#..)@...#
#..)))..#
##.).).##
##'''##
#.....#
#.....#
#.....#
#.....#
#.....#


You could see an orc knight.

Vanquished Creatures
  An ogre mage (D:8)
  A two-headed ogre (D:8)
  2 orc knights (Bailey)
  Joseph (D:7)
  A kobold demonologist (D:8)
  2 komodo dragons
  2 hippogriffs
  A yak (D:6)
  A shadow (D:6)
  Edmund (D:4)
  3 sky beasts
  An ice beast (D:4)
  7 orc warriors
  A phantom (D:5)
  A black bear (D:8)
  2 wolves (D:7)
  4 ogres
  3 bullfrogs (D:8)
  13 kobold brigands
  3 centaurs
  3 gnoll sergeants (D:7)
  A wyvern zombie (D:8)
  3 scorpions
  3 wights
  3 howler monkeys
  7 crimson imps
  A quasit (D:4)
  3 gnoll shamans (D:7)
  8 hounds
  2 jellies (D:8)
  7 orc wizards
  A bullfrog skeleton (D:4)
  An iguana (D:9)
  Natasha (thrice) (D:4)
  Ijyb (D:4)
  7 worker ants
  A killer bee zombie (D:8)
  A hound skeleton (D:4)
  A hound zombie (D:5)
  2 worker ant zombies
  Robin (D:2)
  2 howler monkey skeletons
  21 gnolls
  7 adders
  2 shadow imps (D:6)
  2 oozes
  3 adder zombies
  3 adder skeletons
  A worm (D:2)
  2 dart slugs
  6 leopard geckos
  58 orcs
  4 bats
  A giant cockroach (D:3)
  9 hobgoblins
  15 jackals
  6 quokkas
  A ball python (D:2)
  2 frilled lizards (D:1)
  13 goblins
  29 kobolds
  4 rats
302 creatures vanquished.

Vanquished Creatures (others)
  A hound (D:4)
  2 plants (D:7)
3 creatures vanquished.

Grand Total: 305 creatures vanquished

Notes
Turn   | Place    | Note
-------+----------+-------------------------------------------
     0 | D:1      | Cel the Minotaur Berserker began the quest for the Orb.
     0 | D:1      | Reached XP level 1. HP: 19/19 MP: 0/0
   221 | D:1      | Reached skill level 4 in Axes
   288 | D:1      | Reached XP level 2. HP: 26/26 MP: 1/1
   713 | D:1      | Reached skill level 5 in Axes
  1018 | D:2      | Reached XP level 3. HP: 31/31 MP: 2/2
  1064 | D:2      | Reached ** piety under Trog
  1180 | D:2      | Noticed Robin
  1196 | D:2      | Killed Robin
  1431 | D:2      | Reached XP level 4. HP: 35/39 MP: 3/3
  1432 | D:2      | Reached skill level 6 in Axes
  2371 | D:3      | Reached skill level 7 in Axes
  2371 | D:3      | Reached XP level 5. HP: 39/45 MP: 4/4
  2996 | D:4      | Noticed an ice beast
  3007 | D:4      | Killed an ice beast
  3008 | D:4      | Reached skill level 8 in Axes
  3328 | D:4      | Noticed Ijyb
  3357 | D:4      | Killed Ijyb
  3358 | D:4      | Reached XP level 6. HP: 37/51 MP: 5/5
  3436 | D:4      | Noticed Natasha
  3441 | D:4      | Killed Natasha
  3589 | D:4      | Noticed Natasha
  3594 | D:4      | Killed Natasha
  3649 | D:4      | Reached skill level 9 in Axes
  3736 | D:4      | Noticed Natasha
  3745 | D:4      | Killed Natasha
  3906 | D:4      | Noticed Edmund
  3915 | D:4      | Killed Edmund
  3916 | D:4      | Reached skill level 10 in Axes
  3916 | D:4      | Reached XP level 7. HP: 57/57 MP: 6/6
  4032 | D:4      | Found a staircase to the Ecumenical Temple.
  4185 | D:4      | Reached *** piety under Trog
  4336 | D:4      | Reached skill level 11 in Axes
  4391 | D:4      | Found a shimmering blue altar of Sif Muna.
  4614 | D:5      | Entered Level 5 of the Dungeon
  4628 | D:5      | Reached XP level 8. HP: 27/64 MP: 7/7
  4744 | D:5      | Noticed a hippogriff
  4762 | D:5      | Killed a hippogriff
  4763 | D:5      | Reached skill level 12 in Axes
  4973 | D:5      | Reached skill level 13 in Axes
  5339 | D:5      | Found Uguff's Book Emporium.
  5507 | D:5      | Found a sparkling altar of Nemelex Xobeh.
  5521 | D:5      | Found a glowing golden altar of the Shining One.
  5776 | D:6      | Noticed a hippogriff
  5793 | D:6      | Killed a hippogriff
  5793 | D:6      | Reached **** piety under Trog
  5794 | D:6      | Reached XP level 9. HP: 61/70 MP: 8/8
  6042 | D:5      | Reached skill level 14 in Axes
  6101 | D:6      | Reached skill level 1 in Evocations
  6438 | D:6      | Reached skill level 5 in Fighting
  7041 | D:7      | Noticed Joseph
  7057 | D:7      | Killed Joseph
  7115 | D:7      | Reached skill level 15 in Axes
  7145 | D:7      | Reached ***** piety under Trog
  7222 | D:7      | Found a staircase to the Lair.
  7222 | D:7      | Noticed a komodo dragon
  7244 | D:7      | Killed a komodo dragon
  7245 | D:7      | Reached XP level 10. HP: 31/81 MP: 10/10
  8182 | D:8      | Noticed a smoke demon
  8185 | D:8      | Noticed a smoke demon
  8195 | D:8      | Reached skill level 16 in Axes
  8698 | D:8      | Reached skill level 5 in Dodging
  8769 | D:8      | Noticed a two-headed ogre
  8779 | D:8      | Killed a two-headed ogre
  8898 | D:8      | Noticed an ogre mage
  8905 | D:8      | Killed an ogre mage
  8905 | D:8      | Received a gift from Trog
  9119 | D:8      | Reached skill level 5 in Evocations
  9119 | D:8      | Reached XP level 11. HP: 92/92 MP: 13/13
  9585 | D:9      | Identified a scroll of acquirement
  9585 | D:9      | Identified the +2 pair of boots "Kathrouq" {Str+5 Int+3
                  | Dex+4 Stlth-} (You acquired it on level 9 of the Dungeon)
  9585 | D:9      | Identified the ring "Qegham" {Dex+3 SInv} (You acquired it
                  | on level 9 of the Dungeon)
  9607 | D:9      | Found a flagged portal.
  9618 | Bailey   | Entered a bailey
  9814 | Bailey   | Noticed an orc knight
  9814 | Bailey   | Noticed an orc knight
  9823 | Bailey   | Killed an orc knight
  9823 | Bailey   | Noticed an orc knight
  9828 | Bailey   | Killed an orc knight
  9830 | Bailey   | Slain by an orc knight

Skill      XL: |  1  2  3  4  5  6  7  8  9 10 11 |
---------------+----------------------------------+-----
Axes           | 4 5 7 8 10 11 13 15 16 | 16.4
Fighting       | 5 7 9 |  9.6
Evocations     | 2 5 |  5.0
Dodging        | 3 6 |  6.2
Armour         | |  2.4

Action                   |  1- 3 |  4- 6 |  7- 9 | 10-12 || total
-------------------------+-------+-------+-------+-------++-------
Melee: Hand axe          |    91 |   104 |   256 |       ||   451
       Headbutt          |    11 |    13 |    73 |    44 ||   141
       Unarmed           |       |    12 |       |       ||    12
       War axe           |       |       |    68 |   180 ||   248
       Battleaxe         |       |       |       |    69 ||    69
Throw: Stone             |     7 |       |     5 |    37 ||    49
Invok: Berserk           |       |     2 |     2 |     3 ||     7
       Trog's Hand       |       |       |       |     1 ||     1
Evoke: Wand              |       |       |       |     3 ||     3
  Use: Scroll            |     1 |     3 |     6 |     9 ||    19
  Eat: Chunk             |     4 |     7 |    12 |     8 ||    31
       Ration            |       |     1 |     2 |     2 ||     5
Armor: Animal skin       |    16 |    11 |       |       ||    27
       Skin              |       |     1 |       |       ||     1
       Chain mail        |       |    22 |   157 |   149 ||   328
Dodge: Dodged            |    54 |    44 |   108 |   123 ||   329
